 Dungeon Sprint DCSS version 0.31.0 (webtiles) character file.

Game seed: 4179146891361199287

855 Groucho the Fighter (level 8, -1/81 HPs)
             Began as a Naga Fighter on Jan 20, 2024.
             Was a High Priest of Cheibriados.
             Slain by a flayed ghost (22 damage)
             ... in the Dungeon (Sprint VII: "The Pits").
             The game lasted 00:03:55 (2014 turns).

Groucho the Fighter (Naga Fighter)                  Turns: 2014, Time: 00:03:55

Health: -1/81      AC: 12    Str: 32    XL:     8   Next: 1%
Magic:  10/14      EV:  7    Int: 22    God:    Cheibriados [*****.]
Gold:   0          SH:  7    Dex: 22    Spells: 7/7 levels left

rFire   . . .        b - +2 whip (freeze)
rCold   . . .        c - +0 buckler
rNeg    . . .        o - +3 chain mail
rPois   +            (no helmet)
rElec   .            (no cloak)
rCorr   .            (no gloves)
SInv    +            (no barding)
Will    +....        (no amulet) Stlth
                     (no ring)
HPRegen 0.33/turn    (no ring)
MPRegen 0.14/turn

%: no teleportation
@: flayed, very slow
A: AC +2, large, see invisible, deformed body, poison resistance, slowness 2,
spit poison 1, naga tail 1
a: Spit Poison, Renounce Religion, Bend Time, Temporal Distortion, Slouch, Step
From Time


You were in the Dungeon.
You worshipped Cheibriados.
Cheibriados was extremely pleased with you.
You visited 1 branch

Inventory:

Hand Weapons
 a - a +2 mace
 b - a +2 whip of freezing (weapon)
 p - a +2 flail of protection
Armour
 c - a +0 buckler (worn)
 o - a +3 chain mail (worn)
Scrolls
 j - a scroll of blinking
 k - 2 scrolls of vulnerability
 l - 5 scrolls of amnesia
 m - a scroll of summoning
Potions
 d - a potion of might
 e - 6 potions of curing
 f - 2 potions of berserk rage
 g - a potion of haste
 h - 3 potions of magic
 i - 2 potions of invisibility
 n - a potion of heal wounds


   Skills:
 + Level 8.2 Fighting
 + Level 7.9 Maces & Flails
 + Level 6.8 Armour
 + Level 7.5 Shields
 + Level 8.2 Invocations


You had 7 spell levels left.
You didn't know any spells.
Your spell library was empty.

Dungeon Overview and Level Annotations

Branches:
Dungeon (1/1)

Altars:
Ashenzari
Cheibriados
Dithmenos
Elyvilon
Fedhas
Gozag
Hepliaklqana
Kikubaaqudgha
Makhleb
Nemelex Xobeh
Okawaru
Qazlal
Ru
Sif Muna
Trog
Uskayaw
Vehumet
Wu Jian
Xom
Yredelemnul
Zin
The Shining One
Jiyva
Lugonu


Innate Abilities, Weirdness & Mutations

Your serpentine skin is tough. (AC +2)
You have supernaturally acute eyesight. (SInv)
Armour fits poorly on your strangely shaped body.
Your system is resistant to poisons. (rPois)
You cover ground very slowly.
You can spit poison.
You have a snake-like lower body.


Message History

The flayed ghost hits you but does no damage.
Unknown command.
You closely miss the flayed ghost.
The flayed ghost is severely damaged.
Unknown command.
You whack the flayed ghost! You freeze the flayed ghost.
The flayed ghost is almost destroyed.
You block the flayed ghost's attack.
You closely miss the flayed ghost.
The flayed ghost is almost destroyed.
The flayed ghost hits you but does no damage.
You barely miss the flayed ghost.
The flayed ghost is almost destroyed.
Unknown command.
Unknown command.
You barely miss the flayed ghost.
The flayed ghost is almost destroyed.
You block the flayed ghost's attack.
Unknown command.
You barely miss the flayed ghost.
The flayed ghost is almost destroyed.
The flayed ghost hits you.
Unknown command.
You hit the flayed ghost. You freeze the flayed ghost.
The flayed ghost is almost destroyed.
The flayed ghost hits you!!
Unknown command.
You closely miss the flayed ghost.
The flayed ghost is almost destroyed.
Unknown command.
You barely miss the flayed ghost.
The flayed ghost is almost destroyed.
The flayed ghost cries, "Suffer as I suffered!"
Terrible wounds open up all over your body!
* * * LOW HITPOINT WARNING * * *
Unknown command.
You miss the flayed ghost.
The flayed ghost is almost destroyed.
The flayed ghost hits you!!
You die...

#.####'##'###...<...#
#.#..).....##.......#
#.#........##.......#
#'###########.......#
#..#.#.##.. #########
#÷.)÷...#.# ####
##.#.#.##)#....#
#.......#)#....#
##.#.#.##@W....+
#.......#†#.†..#
##.#.#..'.# ...#
########## ###


You could see a flayed ghost.

Vanquished Creatures
  Pikel (D)
  A glass eye (D)
  A centaur (D)
  A necrophage (D)
  An orc priest (D)
  2 mummies (D)
  A gnoll (D)
  2 river rats (D)
  2 ufetubi (D)
  2 orcs (D)
  2 bats (D)
  2 bat skeletons (D)
  2 jackals (D)
  2 ball pythons (D)
  A frilled lizard (D)
  A rat (D)
24 creatures vanquished.

Notes
Turn   | Place    | Note
-------+----------+-------------------------------------------
     0 | D        | Groucho the Naga Fighter began the quest for the Orb.
     0 | D        | Reached XP level 1. HP: 21/21 MP: 1/1
    22 | D        | Reached skill level 1 in Invocations
   258 | D        | Found a bloodstained altar of Trog.
   258 | D        | Found a shimmering blue altar of Sif Muna.
   258 | D        | Found a viscous altar of Jiyva.
   258 | D        | Found a hazy altar of Hepliaklqana.
   258 | D        | Found an opulent altar of Gozag.
   259 | D        | Found a glowing golden altar of the Shining One.
   259 | D        | Found a glowing silver altar of Zin.
   259 | D        | Found a basalt altar of Yredelemnul.
   259 | D        | Found a shimmering altar of Xom.
   259 | D        | Found an ornate altar of the Wu Jian Council.
   259 | D        | Found a sacrificial altar of Ru.
   259 | D        | Found a stormy altar of Qazlal.
   259 | D        | Found an iron altar of Okawaru.
   259 | D        | Found a sparkling altar of Nemelex Xobeh.
   259 | D        | Found a burning altar of Makhleb.
   259 | D        | Found a blossoming altar of Fedhas.
   259 | D        | Found a white marble altar of Elyvilon.
   259 | D        | Found a shadowy altar of Dithmenos.
   259 | D        | Found a snail-covered altar of Cheibriados.
   261 | D        | Found a radiant altar of Vehumet.
   261 | D        | Found a corrupted altar of Lugonu.
   262 | D        | Found a hide-covered altar of Uskayaw.
   262 | D        | Found an ancient bone altar of Kikubaaqudgha.
   262 | D        | Found a broken altar of Ashenzari.
   270 | D        | Became a worshipper of Cheibriados the Contemplative
   288 | D        | Reached XP level 2. HP: 30/30 MP: 3/3
   291 | D        | Reached * piety under Cheibriados
   292 | D        | Reached XP level 3. HP: 31/36 MP: 4/4
   505 | D        | Reached ** piety under Cheibriados
   518 | D        | Reached *** piety under Cheibriados
   523 | D        | Reached **** piety under Cheibriados
   977 | D        | Noticed a centaur
   977 | D        | Noticed a necrophage
   979 | D        | Noticed a glass eye
   982 | D        | Killed a centaur
   983 | D        | Reached skill level 5 in Fighting
   983 | D        | Reached XP level 4. HP: 10/46 MP: 0/7
   983 | D        | Reached XP level 5. HP: 12/52 MP: 0/8
   986 | D        | Killed a glass eye
   987 | D        | Reached skill level 5 in Armour
   987 | D        | Reached XP level 6. HP: 31/63 MP: 3/10
  1355 | D        | Noticed Pikel
  1369 | D        | Killed Pikel
  1370 | D        | Reached XP level 7. HP: 55/74 MP: 10/13
  1371 | D        | Reached ***** piety under Cheibriados
  1375 | D        | Reached XP level 8. HP: 51/81 MP: 5/14
  1995 | D        | Noticed a flayed ghost
  2014 | D        | Slain by a flayed ghost

Illustrated notes

Levels and vault maps discovered:
D:        pitsprint [storerooms_1, entrance_room_1, metal_vault_1, armoury_3,
          mini_pit_1, grid_room_1, main_hall_1, silver_pit, the_coven_2,
          the_vestibule_1, steel_vault_2, golden_pit, hallway_of_sentries,
          crystal_vault_2, iron_vault_5, final_vault]

Skill      XL: |  1  2  3  4  5  6 |
---------------+-------------------+-----
Shields        | 3 4 6 7 |  7.5
Invocations    | 2 4 6 8 |  8.2
Armour         | 3 4 5 6 |  6.8
Maces & Flails | 3 4 6 7 |  7.9
Fighting       | 5 6 8 |  8.2

Action                     |  1- 3 |  4- 6 |  7- 9 || total
---------------------------+-------+-------+-------++-------
  Melee: Flail             |     9 |       |       ||     9
         Mace              |    28 |    20 |     4 ||    52
         Whip              |       |       |    18 ||    18
 Invoke: Slouch            |     1 |     1 |     2 ||     4
    Use: Potion            |     2 |     5 |       ||     7
 Armour: Scale mail        |    57 |       |       ||    57
         Chain mail        |    12 |    16 |    10 ||    38
  Dodge: Dodged            |    37 |     4 |     1 ||    42
  Block: Buckler           |    20 |     4 |     4 ||    28
